 Dungeon Crawl Stone Soup version 0.27-a0-1116-g91b3acb402 (webtiles) character file.

Game seed: 2470350268035636656

22 kodamatunes15 the Cutter (level 2, 0/18 HPs)
             Began as a Deep Elf Berserker on May 1, 2021.
             Was a Follower of Trog.
             Slain by a jackal (1 damage)
             ... on level 1 of the Dungeon.
             The game lasted 00:05:19 (650 turns).

kodamatunes15 the Cutter (Deep Elf Berserker)        Turns: 650, Time: 00:05:19

Health: 0/18       AC:  5    Str: 14    XL:     2   Next: 68%
Magic:  4/4        EV: 11    Int: 11    God:    Trog [*.....]
Gold:   7          SH:  0    Dex: 14    Spells: 1/1 levels left

rFire    . . .     SeeInvis .   a - +0 short sword
rCold    . . .     Faith    .   (no shield)
rNeg     . . .     Spirit   .   f - +0 ring mail
rPois    .         Reflect  .   (no helmet)
rElec    .         Harm     .   (no cloak)
rCorr    .         Rampage  .   (no gloves)
Will     .....                  (no boots)
Stlth    +.........             (no amulet)
HPRegen  0.06/turn              (no ring)
MPRegen  0.09/turn              (no ring)

@: no status effects
A: no striking features
a: Renounce Religion, Berserk


You were on level 1 of the Dungeon.
You worshipped Trog.
Trog was aware of your devotion.
You visited 1 branch of the dungeon, and saw 1 of its levels.

You collected 7 gold pieces.

Inventory:

Hand Weapons
 a - a +0 short sword (weapon)
 d - a +0 club
Missiles
 c - 21 stones
Armour
 b - a +0 animal skin
 f - a +0 ring mail (worn)
Potions
 e - a potion of curing {unknown}


   Skills:
 + Level 2.7 Fighting
 + Level 3.5 Short Blades
 + Level 1.6 Armour
 + Level 2.6 Dodging


You had one spell level left.
You didn't know any spells.
Your spell library was empty.

Dungeon Overview and Level Annotations

Branches:
Dungeon (1/15)

Altars:

Shops:
D:1 =


Message History

* * * LOW HITPOINT WARNING * * *
The ball python bites you but does no damage.
The ball python constricts you.
You hit the jackal.
You kill the jackal!
Trog accepts your kill.
The ball python bites you but does no damage.
The ball python constricts you.
You closely miss the ball python.
The ball python bites you but does no damage.
The ball python constricts you.
You completely miss the ball python. The ball python closely misses you.
The ball python constricts you.
You hit the ball python.
You kill the ball python!
Trog accepts your kill. The jackal bites you.
* * * LOW HITPOINT WARNING * * *
You hit the jackal.
The jackal is severely wounded.
The jackal barely misses you.
You barely miss the jackal.
The jackal is severely wounded.
The jackal closely misses you.
You closely miss the jackal.
The jackal is severely wounded.
The jackal bites you but does no damage.
The jackal bites you.
* * * LOW HITPOINT WARNING * * *
You barely miss the jackal.
The jackal is severely wounded.
The jackal bites you but does no damage.
You barely miss the jackal.
The jackal is severely wounded.
The jackal bites you.
* * * LOW HITPOINT WARNING * * *
You hit the jackal.
The jackal is almost dead.
The jackal bites you.
You die...

..# #.# .....# #.## #.#
....###### #..# #.#
#.!?.....# ##.## #.#
#S.......# #..# #.#
#hh......# ###.###.#
#..?.....#
........############........#
####.##............#........#
#............@h.)........+
#..#...........†#.)......#
#..#............#........#
##.#......∩.....#........#
#.#....#########........####
#......# #........##..
#..)...# #........##.#
##.>#### ######### #.# ##.#
#.##


You could see a jackal.

Vanquished Creatures
  3 ball pythons (D:1)
  An endoplasm (D:1)
  A giant cockroach (D:1)
  3 goblins (D:1)
  A hobgoblin (D:1)
  3 jackals (D:1)
  3 quokkas (D:1)
  A kobold (D:1)
  3 rats (D:1)
19 creatures vanquished.

Vanquished Creatures (others)
  3 plants (D:1)
3 creatures vanquished.

Grand Total: 22 creatures vanquished

Notes
Turn   | Place    | Note
-------+----------+-------------------------------------------
     0 | D:1      | kodamatunes15 the Deep Elf Berserker began the quest for
                  | the Orb.
     0 | D:1      | Reached XP level 1. HP: 13/13 MP: 3/3
    76 | D:1      | Found Osess's Jewellery Boutique.
   268 | D:1      | Reached XP level 2. HP: 10/18 MP: 4/4
   437 | D:1      | Found a faded altar of an unknown god.
   650 | D:1      | Slain by a jackal

Illustrated notes

Levels and vault maps discovered:
D:1:      lightli_arrival_flooded_house, layout_basic,
          shapermc_ecumenical_altar_venn, serial_shops, shop,
          minmay_misc_feat_room

Action                   || total
-------------------------++-------
Melee: Short sword       ||    96
  Use: Scroll            ||     1
Armor: Ring mail         ||    39
       Animal skin       ||     2
Dodge: Dodged            ||    52

Table legend: (Time is in decaauts)
 A = Elapsed time spent in this place.
 B = Non-inter-level travel time spent in this place.
 C = Inter-level travel time spent in this place.
 D = Time resting spent in this place.
 E = Time spent auto-exploring this place.
 F = Levels seen in this place.
 G = Mean time per level.
                   A        B        C        D        E       F      G
               +--------+--------+--------+--------+--------+-----+--------+
         Total |    643 |    188 |    455 |      0 |      0 |   1 |  643.0 |
       Dungeon |    643 |    188 |    455 |      0 |      0 |   1 |  643.0 |
               +--------+--------+--------+--------+--------+-----+--------+

Top non-repeatable levels by time:
     D:1: 643 daAuts
